 Dungeon Crawl Stone Soup version 0.16.1-11-g651b585 (webtiles) character file.

10300 Chiseanne the Blocker (level 11, 0/68 (77) HPs)
             Began as a Demonspawn Monk on Mar 30, 2015.
             Was a High Priest of Qazlal.
             Slain by a yak (5 damage)
             ... on level 11 of the Dungeon.
             The game lasted 01:11:32 (12235 turns).

Chiseanne the Blocker (Demonspawn Monk)            Turns: 12235, Time: 01:11:32

HP:   0/68 (77)     AC: 15    Str: 15    XL:     11   Next: 34%
MP:   25/30         EV: 15    Int: 15    God:    Qazlal [*****.]
Gold: 692           SH: 19    Dex: 15    Spells: 0 memorised, 10 levels left

rFire  . . .     SeeInvis .       - Unarmed
rCold  + . .     Clarity  .     M - +2 leather armour {rC+}
rNeg   . . .     SustAb   .     t - +1 shield
rPois  .         Gourm    .     J - +1 helmet {Int+3}
rElec  .         Spirit   .     j - +0 cloak
rCorr  .         Warding  .     (gloves unavailable)
rMut   .         Stasis   .     H - +1 pair of boots {Stlth+}
MR     .....                    D - amulet of rage (curse)
Stlth  ++........               e - ring of invisibility
                                O - ring of magical power

@: exhausted, protected from physical damage, very slightly contaminated, repel
missiles, invisible, not resistant to hostile enchantments, unstealthy
A: claws 3, icy blue scales 1, powered by death 2
a: Upheaval, Elemental Force, Disaster Area, Renounce Religion, Evoke Berserk
Rage, Turn Visible


You were on level 11 of the Dungeon.
You worshipped Qazlal.
Qazlal was extremely pleased with you.
You were very hungry.

You visited 2 branches of the dungeon, and saw 12 of its levels.

You collected 731 gold pieces.
You spent 39 gold pieces at shops.

Inventory:

Hand weapons
 a - a +0 whip of flaming
 s - a +1 dagger of electrocution
 w - a +1 blowgun
 x - a +0 short sword
 V - the +0 Staff of Olgreb {rPois}
   (You found it on level 9 of the Dungeon)

   It protects you from poison.
Missiles
 g - 11 curare-tipped needles
 q - 18 tomahawks (quivered)
 A - 89 poisoned needles
 C - 2 throwing nets
 U - 8 javelins
Armour
 j - a +0 cloak (worn)
 t - a +1 shield (worn)
 H - a +1 pair of boots of stealth (worn)
 J - a +1 helmet of intelligence (worn)
 M - a +2 leather armour of cold resistance (worn)
 Q - a +1 leather armour of poison resistance
 S - a cursed -1 ring mail
 Y - a +0 leather armour
Jewellery
 e - a ring of invisibility (right claw)
 f - an uncursed ring of fire
 D - a cursed amulet of rage (around neck)
 O - a ring of magical power (left claw)
Magical devices
 y - a wand of digging (0)
 z - a wand of digging (21)
 F - a wand of lightning (0)
 K - a wand of lightning (5)
 R - a wand of draining (0)
 X - a wand of digging (16)
Scrolls
 c - 4 scrolls of identify
 i - 2 scrolls of fog
 k - 3 scrolls of remove curse
 n - 3 scrolls of amnesia
 u - 2 scrolls of immolation
 v - 2 scrolls of magic mapping
 G - a scroll of teleportation
 T - a scroll of blinking
Potions
 h - a potion of resistance
 l - a potion of cure mutation
 m - 2 potions of brilliance
 r - a potion of magic
 B - a potion of flight
 L - a potion of lignification
 N - a potion of mutation
 P - a potion of ambrosia
Books
 E - a book of Beasts

   Spells                             Type                      Level
   a - Summon Butterflies             Summoning                    1
   b - Call Canine Familiar           Summoning                    3
   c - Summon Ice Beast               Ice/Summoning                4
   d - Summon Mana Viper              Hexes/Summoning              5
   e - Monstrous Menagerie            Summoning                    6
   f - Summon Hydra                   Summoning                    7
Comestibles
 b - 15 bread rations
 d - 7 fruits
 o - 2 slices of pizza
 p - 8 meat rations
 I - 7 beef jerkies
 W - 3 chunks of flesh


   Skills:
 - Level 4.1 Fighting
 - Level 6.5 Armour
 - Level 7.2 Dodging
 - Level 1.7 Stealth
 * Level 11.4 Shields
 * Level 4.8 Unarmed Combat
 * Level 6.7 Evocations


You had 10 spell levels left.
You didn't know any spells.

Dungeon Overview and Level Annotations

Branches:
Dungeon (11/15)            Temple (1/1) D:5
   Lair: D:8-11         Orc: D:9-12

Altars:
Ashenzari
Cheibriados
Dithmenos
Elyvilon
Fedhas
Gozag
Kikubaaqudgha
Makhleb
Nemelex Xobeh
Okawaru
Qazlal
Ru
Sif Muna
Trog
Vehumet
Xom
Yredelemnul
Zin
The Shining One
Beogh

Shops:
D:10 (


Innate Abilities, Weirdness & Mutations

You have claws for hands.
You are partially covered in icy blue scales (AC +1).
You can steal the life force of defeated enemies.


Message History

The yak is moderately wounded.
You block the yak's attack.
Use which ability? (? or * to list)
Aiming: Upheaval
Press: ? - help, Dir - move target cursor The ground shakes violently, spewing rubble!
Ka-crash!
You block the yak's attack.
Use which ability? (? or * to list)
You fail to use your ability.
The yak is no longer bleeding.
The yak gores you!
* * * LOW HITPOINT WARNING * * *
Use which ability? (? or * to list)
You fail to use your ability.
The yak barely misses you.
Use which ability? (? or * to list)
You fade into invisibility!
You are very lightly contaminated with residual magic.
You feel somewhat more hungry.
You are feeling very hungry.
The yak is engulfed in freezing vapours.
The yak gores you.
You die...

....#..%.......
.....#..........
......#..........
.....#..........
######..#####.....)
..#....#.....†#....§#
#...#....#...Y..'.....#
..#...#..§.#......#.....#
#...#...#§@Y.#§.....#.....#
#...#...#.Y§§#).....#...%.#
#...#...#...Y.......#.....#
#...#...#.§..#.(....#.....#
#...#...######§.....#......
#####...#†..............#..####
#.......#†..............#.<#
#.......'...............#..+
#.......#########++#+####)†#


You could see 3 yaks.

Vanquished Creatures
  Pikel (D:7)
  Psyche (D:10)
  Sonja (D:10)
  A troll (D:9)
  A basilisk (D:11)
  2 wyverns
  8 yaks
  2 hungry ghosts
  A deep elf mage (D:10)
  Grum (D:10)
  A hippogriff (D:11)
  A soldier ant (D:11)
  Menkaure (D:7)
  2 wolves (D:10)
  3 water moccasins
  A necrophage (D:4)
  An ice beast (D:10)
  4 sky beasts
  12 orc warriors
  A black bear (D:10)
  2 wasps
  6 centaurs
  9 ogres
  A phantom (D:6)
  Duvessa (D:7)
  A gnoll sergeant (D:6)
  Blork the orc (D:8)
  A crocodile (D:8)
  2 big kobolds
  3 giant frogs (D:8)
  3 killer bees (D:8)
  5 crimson imps
  6 hounds
  Dowan (D:7)
  3 goliath beetles
  A jelly (D:7)
  2 centaur skeletons
  9 orc priests
  3 giant frog skeletons
  9 orc wizards
  Natasha (thrice) (D:6)
  2 gnoll shamans
  4 iguanas
  8 worker ants
  Ijyb (D:3)
  2 hound skeletons
  A hound zombie (D:7)
  Robin (D:3)
  11 adders
  25 gnolls
  A giant mite (D:3)
  A shadow imp (D:7)
  A white imp (D:6)
  A worm (D:4)
  An adder zombie (D:6)
  An adder skeleton (D:4)
  8 giant geckos
  2 oozes
  56 orcs
  A bat skeleton (D:6)
  42 goblins
  23 hobgoblins
  8 jackals
  4 quokkas
  2 ball pythons
  15 bats
  2 giant cockroaches (D:1)
  6 giant newts
  A giant spore (D:6)
  31 kobolds
  13 rats
  2 ballistomycetes (D:6)
  4 plants
399 creatures vanquished.

Vanquished Creatures (collateral kills)
  A kobold (D:6)
1 creature vanquished.

Vanquished Creatures (others)
  A hound zombie (D:7)
  An adder (D:7)
  A giant gecko (D:7)
  3 orcs (D:7)
  A plant (D:11)
7 creatures vanquished.

Grand Total: 407 creatures vanquished

Notes
Turn   | Place    | Note
--------------------------------------------------------------
     0 | D:1      | Chiseanne, the Demonspawn Monk, began the quest for the Orb.
     0 | D:1      | Reached XP level 1. HP: 18/18 MP: 1/1
   170 | D:1      | Gained mutation: You have sharp fingernails. [demonic ancestry]
   170 | D:1      | Reached XP level 2. HP: 24/24 MP: 2/2
   380 | D:1      | Reached skill level 4 in Unarmed Combat
   731 | D:1      | Gained mutation: You can steal the life force of nearby defeated enemies. [demonic ancestry]
   731 | D:1      | Reached XP level 3. HP: 27/29 MP: 3/3
  1143 | D:2      | Found an iron altar of Okawaru.
  1143 | D:2      | Found a bloodstained altar of Trog.
  1144 | D:2      | Found a white marble altar of Elyvilon.
  1186 | D:2      | Found a sparkling altar of Nemelex Xobeh.
  2051 | D:2      | Reached XP level 4. HP: 33/37 MP: 4/4
  2121 | D:3      | Noticed Ijyb
  2174 | D:3      | Killed Ijyb
  2634 | D:3      | Noticed Robin
  2645 | D:3      | Killed Robin
  2651 | D:3      | Gained mutation: You have very sharp fingernails. [demonic ancestry]
  2651 | D:3      | Reached XP level 5. HP: 20/42 MP: 5/5
  2939 | D:3      | Found a blossoming altar of Fedhas.
  3270 | D:4      | Reached skill level 1 in Shields
  3707 | D:4      | Reached skill level 1 in Armour
  3712 | D:4      | Gained mutation: You are partially covered in icy blue scales (AC +1). [demonic ancestry]
  3712 | D:4      | Reached XP level 6. HP: 20/48 MP: 6/6
  3721 | D:4      | Reached skill level 1 in Evocations
  3752 | D:4      | Noticed an ogre
  4007 | D:4      | Noticed a necrophage
  4035 | D:4      | Killed a necrophage
  4039 | D:4      | Noticed an ogre
  4062 | D:4      | Killed an ogre
  4107 | D:4      | Killed an ogre
  4107 | D:4      | Reached XP level 7. HP: 45/45 MP: 9/9
  4221 | D:4      | Noticed an ogre
  4281 | D:4      | Killed an ogre
  4944 | D:5      | Entered Level 5 of the Dungeon
  4974 | D:5      | Found a glowing golden altar of the Shining One.
  5234 | D:5      | Gained mutation: You have claws for hands. [demonic ancestry]
  5234 | D:5      | Reached XP level 8. HP: 43/51 MP: 12/12
  5381 | D:5      | Reached skill level 5 in Shields
  5423 | D:5      | Found a staircase to the Ecumenical Temple.
  5431 | Temple   | Entered the Ecumenical Temple
  5512 | Temple   | Became a worshipper of Gozag Ym Sagoz the Greedy
  5976 | Temple   | Fell from the grace of Gozag
  5976 | Temple   | Became a worshipper of Qazlal Stormbringer
  6476 | D:6      | Noticed Natasha
  6482 | D:6      | Killed Natasha
  6482 | D:6      | Reached skill level 6 in Shields
  6925 | D:6      | Found a deep blue altar of Sif Muna.
  7063 | D:6      | Noticed Natasha
  7078 | D:6      | Killed Natasha
  7088 | D:6      | Reached skill level 5 in Armour
  7094 | D:6      | Noticed Natasha
  7094 | D:6      | Killed Natasha
  7094 | D:6      | Acquired Qazlal's first power
  7184 | D:6      | Reached skill level 7 in Shields
  7184 | D:6      | Reached XP level 9. HP: 37/56 MP: 15/15
  7754 | D:7      | Noticed Dowan
  7768 | D:7      | Killed Dowan
  7791 | D:7      | Identified a scroll of acquirement
  7821 | D:7      | Reached skill level 8 in Shields
  8033 | D:7      | Noticed Menkaure
  8056 | D:7      | Killed Menkaure
  8092 | D:7      | Found a snail-covered altar of Cheibriados.
  8135 | D:7      | Noticed Pikel
  8145 | D:7      | Killed Pikel
  8145 | D:7      | Was forgiven by Gozag
  8145 | D:7      | Reached skill level 5 in Evocations
  8179 | D:7      | Reached skill level 9 in Shields
  8260 | D:7      | Noticed Duvessa
  8287 | D:7      | Killed Duvessa
  8372 | D:7      | Acquired Qazlal's second power
  8704 | D:7      | Acquired Qazlal's third power
  8910 | D:7      | Reached XP level 10. HP: 62/62 MP: 18/18
  8983 | D:7      | Found a burning altar of Makhleb.
  8995 | D:7      | Found a shimmering altar of Xom.
  9063 | D:8      | Found a shattered altar of Ashenzari.
  9310 | D:8      | Reached skill level 5 in Dodging
  9424 | D:8      | Noticed Blork the orc
  9450 | D:8      | Killed Blork the orc
  9656 | D:8      | Acquired Qazlal's fourth power
  9791 | D:8      | Reached skill level 10 in Shields
 10200 | D:9      | Found a sacrificial altar of Ru.
 10386 | D:9      | Found a sacrificial altar of Ru.
 10463 | D:9      | Paralysed by an orc for 4 turns
 10473 | D:9      | Paralysed by an orc for 7 turns
 10957 | D:10     | Entered Level 10 of the Dungeon
 11009 | D:10     | Noticed Sonja
 11017 | D:10     | Killed Sonja
 11037 | D:10     | Noticed Grum
 11062 | D:10     | Acquired Qazlal's fifth power
 11068 | D:10     | Killed Grum
 11153 | D:10     | Gained mutation: You can steal the life force of defeated enemies. [demonic ancestry]
 11153 | D:10     | Reached XP level 11. HP: 58/68 MP: 20/20
 11196 | D:10     | Found a roughly hewn altar of Beogh.
 11213 | D:10     | Noticed Psyche
 11236 | D:10     | Killed Psyche
 11502 | D:10     | Reached skill level 11 in Shields
 11718 | D:10     | Found Oghoram's Weapon Emporium.
 11723 | D:10     | Bought 5 curare-tipped needles for 39 gold pieces
 12235 | D:11     | Slain by a yak

Action                   |  1- 3 |  4- 6 |  7- 9 | 10-12 || total
-------------------------+-------+-------+-------+-------++-------
Melee: Unarmed           |   137 |   301 |   723 |   637 ||  1798
 Fire: Hand crossbow     |       |       |    35 |       ||    35
       Hunting sling     |       |       |     2 |       ||     2
Throw: Tomahawk          |       |       |    12 |       ||    12
Invok: Upheaval          |       |       |       |     2 ||     2
 Abil: Evoke Berserk Rag |       |     1 |    13 |     5 ||    19
       Evoke Invisibilit |       |       |       |     1 ||     1
Evoke: Wand              |       |       |       |     5 ||     5
       Staff of Olgreb   |       |       |       |     1 ||     1
  Use: Scroll            |       |    15 |    11 |     6 ||    32
       Potion            |       |     2 |     2 |     1 ||     5
 Stab: Sleeping          |     1 |     1 |       |       ||     2
  Eat: Chunk             |     3 |     8 |    21 |    13 ||    45
       Pizza             |       |       |     3 |       ||     3
       Royal jelly       |       |       |     1 |       ||     1
       Fruit             |       |       |       |     3 ||     3
